 Dungeon Crawl Stone Soup version 0.16.1-51-g6203257 (webtiles) character file.

1137 kae the Martial Artist (level 8, -4/59 HPs)
             Began as a Grey Draconian Transmuter on July 11, 2015.
             Was an Initiate of Qazlal.
             Slain by kae's ghost (11 damage)
             ... on level 5 of the Dungeon.
             The game lasted 00:06:30 (5025 turns).

kae the Martial Artist (Grey Draconian Transmuter)  Turns: 5025, Time: 00:06:30

Health: -4/59      AC: 12    Str: 12    XL:     8   Next: 14%
Magic:  13/13      EV: 15    Int: 14    God:    Qazlal [......]
Gold:   306        SH:  0    Dex: 14    Spells: 3 memorised, 5 levels left

rFire  . . .     SeeInvis .       - Unarmed
rCold  . . .     Clarity  .     (armour unavailable)
rNeg   . . .     SustAb   .     (no shield)
rPois  .         Gourm    .     (helmet restricted)
rElec  .         Spirit   .     (no cloak)
rCorr  .         Warding  .     (no gloves)
rMut   .         Stasis   .     q - +0 pair of boots
MR     .....                    (no amulet)
Stlth  +.........               k - +3 ring of evasion
                                e - ring of wizardry

@: not resistant to hostile enchantments, very unstealthy
A: walk through water, unfitting armour, unbreathing, cold-blooded, AC +11
a: Renounce Religion


You were on level 5 of the Dungeon.
You worshipped Qazlal.
Qazlal was noncommittal.
You were not hungry.

You visited 1 branch of the dungeon, and saw 5 of its levels.

You collected 306 gold pieces.

Inventory:

Missiles
 b - 106 arrows
 i - 14 arrows of dispersal
 C - 7 arrows of frost
Armour
 q - a +0 pair of boots (worn)
Jewellery
 e - a ring of wizardry (left hand)
 k - a +3 ring of evasion (right hand)
 w - an uncursed ring of wizardry
 E - an uncursed ring of ice {unknown}
Magical devices
 o - a wand of confusion (18)
 B - a wand of disintegration (11)
Scrolls
 c - a scroll of amnesia
 g - 2 scrolls of teleportation {unknown}
 r - 3 scrolls of magic mapping
 s - a scroll of enchant armour {unknown}
 t - 4 scrolls of identify {unknown}
 v - 3 scrolls of remove curse
 y - a scroll of noise {unknown}
 D - a scroll of fear {unknown}
 F - 3 scrolls of recharging {unknown}
 G - a scroll of random uselessness {unknown}
Potions
 f - a potion of haste {unknown}
 h - 5 potions of curing {unknown}
 j - 3 potions of heal wounds {unknown}
 l - a potion of ambrosia {unknown}
 u - a potion of restore abilities {unknown}
 z - 2 potions of brilliance {unknown}
 A - a potion of invisibility {unknown}
 I - a potion of poison {unknown}
Books
 d - a book of Changes

   Spells                             Type                      Level
   a - Beastly Appendage              Transmutation                1
   b - Sticks to Snakes               Transmutation                2
   c - Spider Form                    Transmutation/Poison         3
   d - Ice Form                       Ice/Transmutation            4
   e - Blade Hands                    Transmutation                5
Comestibles
 a - 3 bread rations
 m - 4 beef jerkies
 n - 3 slices of pizza
 p - 3 meat rations
 x - 2 fruits
 H - 5 chunks of flesh


   Skills:
 - Level 1.1 Fighting
 - Level 1.7 Dodging
 * Level 8.5 Unarmed Combat
 - Level 2.0 Spellcasting
 + Level 5.8 Transmutations


You had 5 spell levels left.
You knew the following spells:

 Your Spells              Type           Power        Failure   Level  Hunger
a - Beastly Appendage     Trmt           ###...       1%          1    ##.....
b - Sticks to Snakes      Trmt           ###.......   1%          2    ###....
c - Spider Form           Trmt/Pois      #.........   10%         3    ####...


Dungeon Overview and Level Annotations

Branches:
Dungeon (5/15)             Temple (0/1) D:5

Altars:
Fedhas
Gozag
Qazlal

Annotations:
D:5 kae's ghost, experienced MfFi


Innate Abilities, Weirdness & Mutations

You can walk through water.
Your dull iron-grey scales are very hard (AC +11).
Your body does not fit into most forms of armour.
You can survive without breathing.
Your cold-blooded metabolism reacts poorly to cold.


Message History

You are too injured to fight recklessly!
You are too injured to fight recklessly!
You are too injured to fight recklessly!
You are too injured to fight recklessly!
You are too injured to fight recklessly!
You are too injured to fight recklessly!
You are too injured to fight recklessly!
You are too injured to fight recklessly!
You are too injured to fight recklessly!
You are too injured to fight recklessly!
You are too injured to fight recklessly!
You are too injured to fight recklessly!
You are too injured to fight recklessly!
You are too injured to fight recklessly!
Kae's ghost hits you!
* * * LOW HITPOINT WARNING * * *
You barely miss kae's ghost.
Kae's ghost is moderately damaged.
Kae's ghost hits you!
You die...

#.# ######.#.)[..
#.## ###....##.
#..#######.........
##..............##.
#....≈≈##.....###.
#..≈##≈≈###.... #.
#..#≈≈#≈≈≈≈...#...
#.##≈≈≈≈≈≈##..# ..
#@W≈#≈≈≈#≈≈#.####.
#.#≈≈≈≈≈≈≈≈# ..
#.##≈#≈≈#≈≈# #.
#..#≈≈≈≈≈≈#
#..#≈#≈≈###
#....##≈# #.....
... ###### ##.


You could see kae's ghost.

Vanquished Creatures
  The ghost of kae the Carver, an average HESk of Qazlal (D:4)
  The ghost of kae the Poker, an average NaFi of Okawaru (D:3)
  An ogre (D:5)
  A phantom (D:4)
  2 centaurs
  2 scorpions
  A giant frog zombie (D:5)
  2 crimson imps (D:5)
  A giant frog skeleton (D:4)
  3 worker ants (D:5)
  An iguana (D:5)
  Robin (D:2)
  3 gnolls (D:2)
  6 adders
  A giant mite (D:2)
  A worm (D:5)
  3 giant geckos
  3 orcs
  A ball python (D:3)
  A bat skeleton (D:4)
  6 giant cockroaches
  18 goblins
  13 hobgoblins
  15 jackals
  13 kobolds
  4 quokkas
  12 bats
  3 giant newts
  A quokka skeleton (D:4)
  13 rats
134 creatures vanquished.

Notes
Turn   | Place    | Note
--------------------------------------------------------------
     0 | D:1      | kae, the Draconian Transmuter, began the quest for the Orb.
     0 | D:1      | Reached XP level 1. HP: 16/16 MP: 3/3
   307 | D:1      | Reached XP level 2. HP: 5/23 MP: 4/4
   999 | D:1      | Reached XP level 3. HP: 26/28 MP: 6/6
  1543 | D:2      | Reached skill level 4 in Unarmed Combat
  1913 | D:2      | Reached XP level 4. HP: 26/35 MP: 7/7
  2075 | D:2      | Noticed Robin
  2308 | D:1      | Learned a level 2 spell: Sticks to Snakes
  2312 | D:1      | Learned a level 3 spell: Spider Form
  2322 | D:2      | Killed Robin
  2683 | D:2      | Reached skill level 5 in Unarmed Combat
  2710 | D:2      | Reached XP level 5. HP: 27/40 MP: 9/9
  3299 | D:3      | Noticed kae's ghost (average NaFi)
  3317 | D:3      | Killed kae's ghost
  3317 | D:3      | Reached XP level 6. HP: 22/47 MP: 8/10
  3566 | D:3      | Found an opulent altar of Gozag.
  3744 | D:4      | Noticed kae's ghost (average HESk)
  3756 | D:4      | Killed kae's ghost
  3756 | D:4      | Reached skill level 6 in Unarmed Combat
  3870 | D:4      | Your scales start taking on a dull iron-grey colour.
  3870 | D:4      | Gained mutation: You can survive without breathing. [draconian maturity]
  3870 | D:4      | Reached XP level 7. HP: 28/52 MP: 12/12
  3871 | D:4      | Found a blossoming altar of Fedhas.
  4152 | D:4      | Reached skill level 7 in Unarmed Combat
  4256 | D:4      | Found a stormy altar of Qazlal.
  4269 | D:4      | Became a worshipper of Qazlal Stormbringer
  4365 | D:4      | Reached skill level 5 in Transmutations
  4404 | D:5      | Entered Level 5 of the Dungeon
  4599 | D:5      | Reached skill level 8 in Unarmed Combat
  4620 | D:5      | Reached XP level 8. HP: 22/59 MP: 13/13
  4852 | D:5      | Found a staircase to the Ecumenical Temple.
  5013 | D:5      | Noticed kae's ghost (experienced MfFi)
  5025 | D:5      | Slain by kae's ghost

Action                   |  1- 3 |  4- 6 |  7- 9 || total
-------------------------+-------+-------+-------++-------
Melee: Unarmed           |   208 |   173 |   155 ||   536
 Cast: Beastly Appendage |     6 |    13 |     8 ||    27
       Spider Form       |       |     1 |       ||     1
  Use: Scroll            |       |     3 |       ||     3
       Potion            |       |     2 |       ||     2
  Eat: Chunk             |     3 |     6 |     3 ||    12
       Fruit             |       |       |     3 ||     3
